[Event "Early-Titled-Tuesday-Blitz-May-07-2024"]
[Site "Chess.com"]
[Date "2024.05.07"]
[Round "4"]
[White "Louis-Paulsen-Fan"]
[Black "HajiyevKanan"]
[Result "0-1"]
[WhiteElo "2360"]
[BlackElo "2573"]
[TimeControl "180+1"]
[EndTime "8:42:22 PDT"]
[Termination "HajiyevKanan won by resignation"]

1. d4 d5 2. Nf3 c5 3. c4 cxd4 4. Qxd4 Nf6 5. cxd5 Qxd5 6. Nc3 Qxd4 7. Nxd4 a6 8. g3 e5 9. Nb3 Bb4 10. Bd2 Nc6 11.
Bg2 Be6 12. O-O O-O-O 13. Be3 Bxb3 14. axb3 Nd4 15. Bxd4 Rxd4 16. Rac1 Bxc3 17. Rxc3+ Kb8 18. Rfc1 Rhd8 19. h3 Rd1+ 20. Rxd1 Rxd1+ 21. Kh2 Rd2 22. Re3 Nd7 23. Be4 g6 24. g4 Rxb2 25. Bd5 f6 26. g5 fxg5 27. Be6 Kc7 28. Bg8 Nf6 29. Bf7 Kd6 30. Rd3+ Ke7 31. Bc4 Rxe2 32. Kg3 Rd2 33. Re3 Kd6 34. Rf3 Ne4+ 35. Kg2 b5 36. Bg8 h5 37.
Bf7 g4 38. hxg4 hxg4 39. Re3 Nxf2 40. Kg3 g5 41. Bg8 Nh1+ 42. Kxg4 Nf2+ 43. Kxg5 Nd1 44.
Re2 Rxe2 0-1

[Event "Early-Titled-Tuesday-Blitz-May-07-2024"]
[Site "Chess.com"]
[Date "2024.05.07"]
[Round "4"]
[White "Szparu"]
[Black "arenal72"]
[Result "1-0"]
[WhiteElo "2942"]
[BlackElo "2611"]
[TimeControl "180+1"]
[EndTime "8:42:23 PDT"]
[Termination "Szparu won by checkmate"]

1. e4 Nc6 2. d4 d5 3. e5 Bf5 4.
c3 Qd7 5. Ne2 f6 6. f4 O-O-O 7.
Nd2 g5 8. Nf3 g4 9. Nh4 fxe5 10.
fxe5 Be4 11. Ng3 Bh6 12. Be2 Bxc1 13. Bxg4 e6 14. Rxc1 Qe7 15. Nf3 Nh6 16. Bh3 Rdg8 17. O-O Nf7 18. Kh1 h5 19. Nd2 Bh7 20. Ne2 Ng5 21. Nf4 Nxh3 22. Nxh3 Bf5 23. Nf4 h4 24. Qe2 h3 25. g3 Qd7 26. Rf2 Ne7 27. Rg1 Qa4 28. g4 Bh7 29. Nxe6 Qxa2 30. Qb5 c6 31. Qb4 Ng6 32. Rf7 Qa6 33. Qd6 Qb6 34. Rc7+ Kb8 35. Rxc6+ Ka8 36. Rxb6 axb6 37. Ra1# 1-0

[Event "Early-Titled-Tuesday-Blitz-May-07-2024"]
[Site "Chess.com"]
[Date "2024.05.07"]
[Round "4"]
[White "SirStrateg"]
[Black "Ruchess27"]
[Result "1-0"]
[WhiteElo "2678"]
[BlackElo "2466"]
[TimeControl "180+1"]
[EndTime "8:42:23 PDT"]
[Termination "SirStrateg won by resignation"]

1. d4 d5 2. Bf4 e6 3. e3 Nf6 4. Nf3 Bd6 5. Bg3 O-O 6. Nbd2 c5 7. c3 Qc7 8. Bd3 b6 9. e4 dxe4 10. Nxe4 Nxe4 11. Bxe4 Nc6 12. dxc5 Bxg3 13. hxg3 f5 14.
Bxc6 Qxc6 15. Qd6 Qe4+ 16. Kf1 Ba6+ 17. Kg1 Rad8 18. Qe7 bxc5 19. Rh4 Qd5 20. Qxa7 Bb7 21. c4 Qc6 22. Qa3 e5 23. Qe3 e4 24. Ng5 h6 25. Nh3 Rd3 26. Qe2 e3 27. Nf4 exf2+ 28. Kxf2 Rd4 29. Qe6+ Qxe6 30. Nxe6 Rxh4 31. gxh4 Re8 32.
Nxc5 Bc6 33. b4 Kf7 34. a4 Rd8 35. Ra2 Rd4 36. Rc2 Kf6 37. b5 Ba8 38. b6 Rg4 39. b7 1-0

[Event "Early-Titled-Tuesday-Blitz-May-07-2024"]
[Site "Chess.com"]
[Date "2024.05.07"]
[Round "4"]
[White "Lestofante90"]
[Black "Legendinunknown"]
[Result "1-0"]
[WhiteElo "2972"]
[BlackElo "2825"]
[TimeControl "180+1"]
[EndTime "8:42:24 PDT"]
[Termination "Lestofante90 won by resignation"]

1. d4 Nf6 2. c4 e6 3. Nf3 Bb4+ 4. Bd2 c5 5. Bxb4 cxb4 6. e3 b6 7. Bd3 Bb7 8. Nbd2 a5 9. O-O O-O 10. Re1 d6 11. e4 Nbd7 12. Nf1 e5 13. Ng3 Qc7 14.
Rc1 g6 15. Qd2 Kg7 16. h4 h5 17. Bc2 Rae8 18. Ba4 Bc6 19. Bb5 Qb7 20. d5 Bxb5 21. cxb5 Nc5 22. Nf5+ gxf5 23. Qg5+ Kh7 24. Qxf5+ Kg8 25.
Qg5+ Kh7 26. Qxf6 Qe7 27. Ng5+ Kg8 28. Qf5 f6 29. Ne6 Nxe6 30. dxe6 Qxe6 31. Qg6+ Kh8 32. Qxh5+ Kg8 33. Re3 Rf7 34. Rg3+ Kf8 35. Qh6+ Ke7 36. Rc7+ Kd8 37. Rxf7 Qxf7 38. Rg7 Qe6 39. h5 Kc8 40. Qc1+ 1-0

[Event "Early-Titled-Tuesday-Blitz-May-07-2024"]
[Site "Chess.com"]
[Date "2024.05.07"]
[Round "4"]
[White "2Coaches1Profile"]
[Black "NikFil2013"]
[Result "1-0"]
[WhiteElo "2573"]
[BlackElo "2391"]
[TimeControl "180+1"]
[EndTime "8:42:24 PDT"]
[Termination "2Coaches1Profile won by resignation"]

1. e4 c5 2. c3 Nf6 3. e5 Nd5 4. Bc4 e6 5. Nf3 Nc6 6. O-O d6 7. d4 cxd4 8. cxd4 Be7 9. a3 O-O 10. Qe2 Qc7 11. Rd1 Rd8 12. b4 Nb6 13. Bd3 dxe5 14.
dxe5 Rd5 15. Nc3 Nd4 16. Nxd4 Qxc3 17. Bb2 Qc7 18. Rac1 Qd8 19. Be4 Rd7 20. Rc3 Na4 21.
Bxh7+ Kxh7 22. Qc2+ g6 23. Qxa4 Kg7 24. Rcd3 Rd5 25.
Qc2 Bd7 26. Nf3 Ba4 27. Rxd5 Bxc2 28. Rxd8 Bxd8 29. Rd7 Be4 30. Nd4 Bd5 31. f3 Bb6 32. Kf1 Rc8 33. Ke1 Rc4 34. Nb5 Rc2 35. Bd4 Bxd4 36.
Nxd4 Rxg2 37. h4 Rh2 38. Nb5 Rxh4 39. Nd6 Rh1+ 40. Kf2 Rh5 41. Nxf7 Rf5 42. Nd6+ Kg8 43. Nxf5 gxf5 44. Ke3 Kf8 45. Kf4 Ke8 46. Rxd5 exd5 47. Kxf5 Ke7 48. e6 d4 49. Ke4 Kxe6 50. Kxd4 Kf5 51.
Kd5 Kf4 52. Kd6 1-0

[Event "Early-Titled-Tuesday-Blitz-May-07-2024"]
[Site "Chess.com"]
[Date "2024.05.07"]
[Round "4"]
[White "SuanTiltado"]
[Black "Kushch_Nikolai"]
[Result "0-1"]
[WhiteElo "2251"]
[BlackElo "2408"]
[TimeControl "180+1"]
[EndTime "8:42:24 PDT"]
[Termination "Kushch_Nikolai won by resignation"]

1. d4 Nf6 2. c4 e6 3. Nf3 b6 4. g3 Bb7 5. Bg2 Be7 6. O-O O-O 7.
Nc3 Ne4 8. Qc2 Nxc3 9. Qxc3 f5 10. b3 Bf6 11. Bb2 d6 12. Qc2 Qe7 13. d5 e5 14.
Nd2 g6 15. e4 f4 16. b4 Nd7 17. Nb3 Bg7 18. f3 fxg3 19. hxg3 Nf6 20. c5 Nh5 21. Qf2 Bc8 22. cxd6 cxd6 23. Rac1 Qg5 24. Kh2 Ba6 25.
Rfe1 Qe7 26. a4 g5 27. b5 Bc8 28. Qc2 g4 29. fxg4 Bxg4 30. Qc7 Qg5 31. Rf1 Be2 32. Rxf8+ Rxf8 33. Rc3 Bf1 34. Bc1 Qg6 35. Bf3 Qxg3+ 36. Kh1 Rxf3 37. Qd8+ Bf8 38. Qg5+ Qxg5 39. Bxg5 Rxc3 0-1

[Event "Early-Titled-Tuesday-Blitz-May-07-2024"]
[Site "Chess.com"]
[Date "2024.05.07"]
[Round "4"]
[White "TenisMaster"]
[Black "vladgoncharov"]
[Result "1-0"]
[WhiteElo "2883"]
[BlackElo "2590"]
[TimeControl "180+1"]
[EndTime "8:42:25 PDT"]
[Termination "TenisMaster won by resignation"]

1. e4 e6 2. d4 d5 3. e5 c5 4.
c3 Nc6 5. Nf3 Nge7 6. Na3 Bd7 7.
dxc5 Ng6 8. b4 a5 9. Rb1 axb4 10. cxb4 Ncxe5 11. Nxe5 Nxe5 12. Be2 Be7 13. O-O O-O 14. Qb3 b6 15. Bb2 Ba4 16. Qe3 Nd7 17. Rfc1 bxc5 18.
bxc5 Bc6 19. Bb5 Qc8 20. Bd4 Bf6 21. Rb3 Rxa3 22. Rxa3 Bxb5 23. c6 Bxc6 24. Rac3 e5 25. Rxc6 exd4 26. Qb3 Qa8 27. a4 Ne5 28. Rd6 Nc4 29.
Rd7 Rb8 30. Qf3 Qxa4 31. Qxd5 Ne5 32. Rdc7 Rd8 33. Qe4 d3 34. Qxa4 1-0

[Event "Early-Titled-Tuesday-Blitz-May-07-2024"]
[Site "Chess.com"]
[Date "2024.05.07"]
[Round "4"]
[White "ahkashefi2800"]
[Black "Seochesspie"]
[Result "0-1"]
[WhiteElo "2584"]
[BlackElo "2852"]
[TimeControl "180+1"]
[EndTime "8:42:25 PDT"]
[Termination "Seochesspie won on time"]

1. d4 Nf6 2. Nf3 d5 3. g3 Bf5 4.
Bg2 h6 5. O-O e6 6. c4 c6 7. Qb3 Qb6 8. c5 Qa6 9. Nc3 b6 10. Na4 Nbd7 11. Be3 Qxe2 12. Rfe1 Qa6 13. Bf1 Qb7 14. Nh4 Be4 15. Bd3 Be7 16. Bxe4 Nxe4 17. Nf3 O-O 18. Nd2 Nxd2 19. Bxd2 Rfb8 20. Bf4 Re8 21. h4 Bf6 22. Rad1 Qa6 23. cxb6 axb6 24. Nc3 b5 25. a3 Nb6 26. Qc2 Nc4 27. Qe2 Qb7 28.
Bc1 b4 29. axb4 Qxb4 30. Rd3 Rab8 31. Qg4 Nxb2 32. Rf3 Qxd4 33. Ne4 dxe4 34. Rxe4 Qd1+ 35. Kg2 Qxc1 36. Rxf6 Nd3 37. Re3 Nxf2 38. Rxf2 Qxe3 39. Qh5 Qxf2+ 0-1

[Event "Early-Titled-Tuesday-Blitz-May-07-2024"]
[Site "Chess.com"]
[Date "2024.05.07"]
[Round "4"]
[White "jlf287"]
[Black "Arteler"]
[Result "1-0"]
[WhiteElo "2527"]
[BlackElo "2337"]
[TimeControl "180+1"]
[EndTime "8:42:25 PDT"]
[Termination "jlf287 won by checkmate"]

1. e4 e5 2. Nf3 d6 3. d4 exd4 4. Nxd4 Nf6 5. Nc3 Be7 6. g3 O-O 7. Bg2 c6 8. O-O Re8 9. h3 Bf8 10. Re1 Nbd7 11. b3 Nc5 12. Bb2 a5 13. a4 Na6 14.
Kh2 Nb4 15. f3 Qc7 16. f4 Bd7 17. Qd2 Rad8 18. Rad1 Bc8 19. Qf2 Qb6 20. Rd2 d5 21. e5 Ne4 22. Nxe4 dxe4 23. Bxe4 Bc5 24. Red1 f6 25. Qf3 fxe5 26. fxe5 Bxd4 27. Bxd4 c5 28.
Be3 Rxd2+ 29. Rxd2 Be6 30. Qh5 g6 31. Bxg6 hxg6 32.
Qxg6+ Kh8 33. Qxe8+ Kg7 34. Qe7+ Kg6 35. Qf6+ Kh7 36.
Rd6 Nd5 37. Qh6+ Kg8 38. Rxb6 Nxe3 39. Rxe6 Nf5 40. Qg6+ Ng7 41. Re8# 1-0

[Event "Early-Titled-Tuesday-Blitz-May-07-2024"]
[Site "Chess.com"]
[Date "2024.05.07"]
[Round "4"]
[White "cycygogne"]
[Black "stepanosinovsky"]
[Result "0-1"]
[WhiteElo "2161"]
[BlackElo "2327"]
[TimeControl "180+1"]
[EndTime "8:42:26 PDT"]
[Termination "stepanosinovsky won by resignation"]

1. e4 e6 2. d4 d5 3. e5 Ne7 4.
c3 Nbc6 5. f4 b6 6. Nf3 Bb7 7.
Bd3 Qd7 8. O-O O-O-O 9. Qe2 Kb8 10. b4 h5 11. a4 Nc8 12. a5 N6e7 13. axb6 cxb6 14.
Ba6 Bxa6 15. Qxa6 Nf5 16. Na3 Qc6 17. Nb5 Rd7 18. Bd2 Be7 19. Ra2 Rhd8 20. Rfa1 Rb7 21. Ne1 Rdd7 22. Nd3 Qc4 23. Nf2 Qe2 24. Be1 Qe3 25.
Qa4 Qxf4 26. Qd1 Qh6 27. Ra6 g5 28. Nd3 g4 29. Nc5 bxc5 30. bxc5 Rxb5 31. c4 dxc4 32.
Qa4 Qe3+ 33. Kh1 Qb3 34. c6 Qxa4 35. R6xa4 Rc7 36. Rxc4 Ne3 37. Rc3 Nd5 38. Rc4 Rb6 39.
Ba5 Rcxc6 40. Rca4 Rb7 41. Be1 Rcb6 0-1

[Event "Early-Titled-Tuesday-Blitz-May-07-2024"]
[Site "Chess.com"]
[Date "2024.05.07"]
[Round "4"]
[White "zsizsi99"]
[Black "MagnusCarlsen"]
[Result "0-1"]
[WhiteElo "2530"]
[BlackElo "3227"]
[TimeControl "180+1"]
[EndTime "8:42:27 PDT"]
[Termination "MagnusCarlsen won by resignation"]

1. e4 a5 2. d4 Ra6 3. Bxa6 Nxa6 4. Bd2 b6 5. a3 Bb7 6. Qe2 Nf6 7. f3 e6 8. Nc3 d5 9. e5 Nd7 10. Rb1 c5 11.
Nb5 cxd4 12. Nxd4 Bc5 13. Nb5 O-O 14. Bc3 Nc7 15. b4 axb4 16. axb4 Bxg1 17. Nd6 Ba6 18. b5 Nxb5 19. Nxb5 Bc5 20. Qd2 Qh4+ 21. g3 Qh5 22. f4 Qf3 23. Rf1 Qe4+ 24. Qe2 Qa4 25. Ra1 Qxb5 26. Rxa6 Qc6 27. Qd2 d4 28. Ra7 b5 29.
Bxd4 Bxa7 30. Bxa7 Rc8 31. Be3 Nb6 32. Bxb6 Qxb6 33.
Rf2 Qc6 34. Qd3 g6 35. Kf1 Qh1+ 36. Ke2 h5 37. Kd2 b4 38. Qf3 Rd8+ 39. Ke3 Qc1+ 40. Ke2 Rd2+ 41. Ke3 Rxf2+ 42. Kxf2 Qxc2+ 43. Kg1 b3 44. Qa8+ Kg7 45. Qd8 b2 46. Qf6+ Kg8 47. Qd8+ Kh7 0-1

[Event "Early-Titled-Tuesday-Blitz-May-07-2024"]
[Site "Chess.com"]
[Date "2024.05.07"]
[Round "4"]
[White "MiguelBestard1981"]
[Black "Heinza9"]
[Result "1-0"]
[WhiteElo "2186"]
[BlackElo "2337"]
[TimeControl "180+1"]
[EndTime "8:42:27 PDT"]
[Termination "MiguelBestard1981 won on time"]

1. d4 f5 2. Qd3 d5 3. g4 g6 4. Nc3 c6 5. Bg5 Nf6 6. h3 Bg7 7. O-O-O Ne4 8. Nxe4 fxe4 9. Qg3 O-O 10. h4 Qd7 11. Bh3 Qd6 12. Qg2 e5 13. e3 exd4 14. exd4 Na6 15. c3 Be6 16. Ne2 c5 17. h5 cxd4 18.
Nxd4 Nc5 19. hxg6 hxg6 20. Be3 Nd3+ 21. Rxd3 exd3 22. g5 Bxh3 23. Qxh3 Rac8 24. Ne6 Kf7 25. Nxg7 Rh8 26. Qf3+ Ke7 27. Rxh8 Rxh8 28. Bd4 Rh4 29.
Qxd3 Kf7 30. Qf3+ Rf4 31. Qh3 1-0

[Event "Early-Titled-Tuesday-Blitz-May-07-2024"]
[Site "Chess.com"]
[Date "2024.05.07"]
[Round "4"]
[White "Boundless_Strike"]
[Black "Witik"]
[Result "0-1"]
[WhiteElo "2656"]
[BlackElo "2870"]
[TimeControl "180+1"]
[EndTime "8:42:28 PDT"]
[Termination "Witik won by checkmate"]

1. d4 Nf6 2. f3 d6 3. e4 e5 4. Nc3 exd4 5. Qxd4 Nc6 6. Bb5 Be7 7. b3 O-O 8. Bxc6 bxc6 9. Bb2 d5 10. O-O-O c5 11. Qe5 d4 12. Na4 Nd7 13. Qg3 Nb6 14. Nxb6 axb6 15. Kb1 Qe8 16. Ne2 Qb5 17. Nc1 Be6 18.
Qxc7 Rfe8 19. f4 Rac8 20. Qe5 Bf8 21. f5 Bxb3 22. Qg3 Ba4 23. Ka1 Rxe4 24. Rhe1 Bxc2 25. Rxe4 Bxe4 26. f6 Bg6 27. fxg7 Bxg7 28. Re1 c4 29. h4 c3 30. Nb3 cxb2+ 31. Kxb2 d3+ 32. Ka3 Ra8+ 33.
Na5 Rxa5# 0-1

[Event "Early-Titled-Tuesday-Blitz-May-07-2024"]
[Site "Chess.com"]
[Date "2024.05.07"]
[Round "4"]
[White "xxysoul6"]
[Black "Eliwood44"]
[Result "1-0"]
[WhiteElo "2979"]
[BlackElo "2451"]
[TimeControl "180+1"]
[EndTime "8:42:28 PDT"]
[Termination "xxysoul6 won by resignation"]

1. e4 e6 2. Nc3 d5 3. d3 Nf6 4. g3 e5 5. exd5 Nxd5 6. Bg2 Nxc3 7. bxc3 Nc6 8. Rb1 Bd6 9. Ne2 h5 10. h3 h4 11. g4 Qf6 12. c4 O-O 13. O-O Re8 14. Kh1 Ne7 15. f4 exf4 16. Bxf4 Ng6 17. Bxd6 Qxd6 18. Qd2 c6 19. Nf4 Nxf4 20. Qxf4 Qxf4 21.
Rxf4 Re2 22. Rb2 Be6 23. Kg1 Re8 24. Re4 Rxe4 25. Bxe4 Bc8 26. Rb1 g6 27. Kf2 f5 28.
gxf5 gxf5 29. Bf3 Kg7 30. d4 Kf6 31. a4 Rg8 32. d5 cxd5 33. cxd5 Rg3 34. c4 Rxh3 35.
c5 Rh2+ 36. Ke3 Ke5 37. Re1 h3 38. d6 f4+ 39. Kd3+ Kf6 40. Bxb7 Bf5+ 41. Be4 Bg4 42. c6 Ra2 43. d7 Bxd7 44. cxd7 Ra3+ 45. Kd2 Ke7 46. Bf5+ Re3 47. Bxh3 Rxe1 48. Kxe1 1-0

[Event "Early-Titled-Tuesday-Blitz-May-07-2024"]
[Site "Chess.com"]
[Date "2024.05.07"]
[Round "4"]
[White "FXDon77"]
[Black "Baku_Boulevard"]
[Result "1-0"]
[WhiteElo "2865"]
[BlackElo "3021"]
[TimeControl "180+1"]
[EndTime "8:42:29 PDT"]
[Termination "FXDon77 won on time"]

1. e4 c5 2. Nf3 d6 3. Bb5+ Nc6 4. O-O Bd7 5. Re1 Nf6 6. c3 a6 7. Bf1 Bg4 8. h3 Bxf3 9. Qxf3 Rg8 10. d3 g5 11. g3 g4 12. hxg4 Nxg4 13. Bg2 h5 14. Be3 e6 15. d4 h4 16. Nd2 Nxe3 17. Qxe3 hxg3 18. fxg3 cxd4 19. cxd4 Qg5 20. Qxg5 Rxg5 21. d5 Ne5 22. Nf3 Rxg3 23. Nxe5 dxe5 24. dxe6 fxe6 25.
Rac1 Rd8 26. Red1 Bc5+ 27. Kh2 Rxd1 28. Rxd1 Re3 29. Rd2 Bd4 30. b3 Kd7 31. Rc2 Kd6 32. Bh1 b5 33. Bg2 b4 34. Bf1 a5 35. Re2 Rc3 36. Bh3 Be3 37. Bg4 Bf4+ 38. Kg1 Rg3+ 39. Rg2 Rd3 40. Rc2 1-0

[Event "Early-Titled-Tuesday-Blitz-May-07-2024"]
[Site "Chess.com"]
[Date "2024.05.07"]
[Round "4"]
[White "imdvb6307"]
[Black "HanSchut"]
[Result "1-0"]
[WhiteElo "2540"]
[BlackElo "2354"]
[TimeControl "180+1"]
[EndTime "8:42:29 PDT"]
[Termination "imdvb6307 won by resignation"]

1. d4 Nf6 2. Nf3 g6 3. c4 Bg7 4.
Nc3 d5 5. Bf4 O-O 6. Rc1 dxc4 7.
e3 c5 8. dxc5 Qa5 9. Bxc4 Qxc5 10. Bb3 Nc6 11. O-O Qh5 12. h3 e5 13. Bg5 e4 14.
Bxf6 exf3 15. Bxg7 fxg2 16. Qxh5 gxf1=Q+ 17. Rxf1 gxh5 18. Bxf8 Kxf8 19. Kh2 Be6 20. Bxe6 fxe6 21. f4 Rd8 22. Kg3 Rd3 23. Kf3 Ke7 24. Rf2 Na5 25. Ke4 Rd7 26. Rg2 Kf6 27. b3 Nc6 28. Rg5 Nb4 29.
Rxh5 Nd3 30. Ne2 b6 31. Nd4 Nc5+ 32. Kf3 Kg6 33. Re5 Kf6 34. b4 Nd3 35. Rxe6+ Kf7 36. Rh6 Kg7 37. Nf5+ Kg8 38. b5 Ne1+ 39. Ke2 Nc2 40.
Rd6 Rc7 41. Rc6 Rf7 42. Nh6+ 1-0

[Event "Early-Titled-Tuesday-Blitz-May-07-2024"]
[Site "Chess.com"]
[Date "2024.05.07"]
[Round "4"]
[White "Zarinur"]
[Black "ScaccoPaccoMatto"]
[Result "1-0"]
[WhiteElo "2542"]
[BlackElo "2715"]
[TimeControl "180+1"]
[EndTime "8:42:30 PDT"]
[Termination "Zarinur won by resignation"]

1. e4 c6 2. d4 d5 3. e5 c5 4. dxc5 e6 5. a3 Bxc5 6. Qg4 g6 7. b4 Be7 8. Bb2 a5 9. b5 Nd7 10. Bd3 Nc5 11. Ne2 Bd7 12. a4 f5 13. Qf3 Nh6 14.
O-O Nf7 15. Nd2 O-O 16. Bd4 Qc7 17. Qe3 Rac8 18. Rfc1 f4 19. Nxf4 Bg5 20. g3 Nh6 21.
Bxc5 Bxf4 22. gxf4 Qxc5 23. c4 Ng4 24. Qxc5 Rxc5 25.
h3 Nh6 26. Nb3 Rcc8 27. c5 Rxf4 28. Nxa5 Rd4 29. Bf1 Nf7 30. c6 bxc6 31. bxc6 Be8 32. c7 Nxe5 33. Ba6 Bd7 34. Bxc8 Bxc8 35. Nc6 Kf7 36.
Nxe5+ 1-0

[Event "Early-Titled-Tuesday-Blitz-May-07-2024"]
[Site "Chess.com"]
[Date "2024.05.07"]
[Round "4"]
[White "BashirovKemal"]
[Black "ccccvhhhj"]
[Result "1/2-1/2"]
[WhiteElo "2684"]
[BlackElo "2490"]
[TimeControl "180+1"]
[EndTime "8:42:32 PDT"]
[Termination "Game drawn by repetition"]

1. e4 e6 2. d4 d5 3. Nc3 Bb4 4. e5 c5 5. a3 Bxc3+ 6. bxc3 Ne7 7. a4 b6 8. Nf3 Bb7 9. Ba3 Nd7 10. Bb5 O-O 11. Bxd7 Qxd7 12. dxc5 Ba6 13. Nd4 bxc5 14. Bxc5 Rfc8 15. Bb4 Nc6 16. Nxc6 Rxc6 17. f4 Rc4 18. Qf3 Re4+ 19. Kd2 Rc8 20. Kc1 Qc6 21. Qf2 Re2 22. Qd4 Re4 23. Qf2 d4 24. Re1 Rxe1+ 25. Qxe1 dxc3 26. Ra3 Qxg2 27. Rxc3 Rxc3 28. Qxc3 h5 29. Qd2 Qf1+ 30. Kb2 Qc4 31. Qd8+ Kh7 32. Qd3+ Qxd3 33. cxd3 Bxd3 34. Kc3 Bf1 35. Kd4 Kg6 36. Ke3 Bg2 37. Bc5 a6 38. Bf8 Bc6 39. a5 Kh7 40. Be7 Kg6 41. Bf8 Kh7 42. Be7 Kg6 43. Bf8 1/2-1/2

[Event "Early-Titled-Tuesday-Blitz-May-07-2024"]
[Site "Chess.com"]
[Date "2024.05.07"]
[Round "4"]
[White "tetrix83"]
[Black "masterofpuppets2"]
[Result "1-0"]
[WhiteElo "2670"]
[BlackElo "2464"]
[TimeControl "180+1"]
[EndTime "8:42:32 PDT"]
[Termination "tetrix83 won by resignation"]

1. e4 c6 2. d4 d5 3. exd5 cxd5 4.
Bd3 Nc6 5. c3 Qc7 6. h3 e6 7.
Nf3 Bd6 8. O-O Nge7 9. b3 Bd7 10.
Ba3 f6 11. c4 O-O 12. Re1 Rae8 13. Bxd6 Qxd6 14. Nc3 dxc4 15. bxc4 b6 16. c5 Qf4 17.
Re4 Qb8 18. Bc4 Nd8 19. d5 bxc5 20. dxe6 Bc6 21. Re1 Qb4 22. Qd3 Bxf3 23. Rab1 Qa3 24. Qxf3 Ndc6 25. Rb7 Ne5 26. Rxe5 fxe5 27. Qe3 Kh8 28.
Ne4 Qa4 29. Bb3 Qd4 30. Ng5 h6 31. Nf7+ Kh7 32. Bc2+ g6 33. Qxh6+ 1-0

[Event "Early-Titled-Tuesday-Blitz-May-07-2024"]
[Site "Chess.com"]
[Date "2024.05.07"]
[Round "4"]
[White "schackspelaren"]
[Black "ChelsieMonica"]
[Result "1-0"]
[WhiteElo "2384"]
[BlackElo "2529"]
[TimeControl "180+1"]
[EndTime "8:42:32 PDT"]
[Termination "schackspelaren won by resignation"]

1. d4 Nf6 2. c4 e6 3. Nf3 d5 4. Nc3 Be7 5. Bf4 O-O 6. e3 a6 7. c5 h6 8. h3 Nc6 9. Qc2 b5 10.
Bd3 Nb4 11. Qd2 Nxd3+ 12. Qxd3 Bb7 13. O-O Ne4 14. a3 Bc6 15. b4 f6 16. Bh2 Qe8 17. Nd2 Nxc3 18. Qxc3 Bd8 19. Nb3 f5 20. Be5 Rf7 21.
Na5 Bf6 22. f4 Kh7 23. Kh2 g5 24. fxg5 Bxe5+ 25. dxe5 hxg5 26. Nb3 Rg7 27. Nd4 g4 28. hxg4 Rxg4 29. Rf3 Kg7 30. Rh3 Qd7 31. Rh1 Rg8 32. Kg1 Kf8 33. R1h2 Ke8 34. Rh6 R4g6 35. Rxg6 Rxg6 36.
Rh8+ Kf7 37. Qe1 Rg4 38. Rh7+ Rg7 39. Qh4 Rxh7 40. Qxh7+ Ke8 41. Qg8+ Ke7 42. Kf2 Bb7 43. Kg3 c6 44. Kf4 Bc8 45. Qg7+ Kd8 46. Qxd7+ Bxd7 47. Kg5 Ke7 48. Kg6 Be8+ 49. Kg7 Bd7 50. Ne2 Be8 51. Nf4 Bf7 52. g3 Be8 53. Nh3 Bh5 54. Ng5 Be8 55. Nh7 Bh5 56. Nf6 Bf7 57. g4 Be8 58. g5 f4 59. exf4 d4 60. g6 d3 61. Ne4 1-0

[Event "Early-Titled-Tuesday-Blitz-May-07-2024"]
[Site "Chess.com"]
[Date "2024.05.07"]
[Round "4"]
[White "GMthekingindian"]
[Black "aanshnerurkar"]
[Result "0-1"]
[WhiteElo "2258"]
[BlackElo "2490"]
[TimeControl "180+1"]
[EndTime "8:42:32 PDT"]
[Termination "aanshnerurkar won on time"]

1. d4 Nf6 2. Nf3 d5 3. g3 c5 4. Bg2 e6 5. O-O Nc6 6. c4 dxc4 7. Ne5 Nxe5 8. dxe5 Nd7 9. Na3 Nxe5 10. Qxd8+ Kxd8 11. Bf4 Nd7 12. Rfd1 f6 13. Nxc4 e5 14. Be3 Rb8 15. Rac1 Kc7 16. b4 b6 17. Bh3 Be7 18. f4 Rd8 19.
fxe5 Nxe5 20. Nxe5 Rxd1+ 21. Rxd1 Bxh3 22. Nd3 Kc6 23.
bxc5 bxc5 24. Rc1 Rb5 25. a4 Ra5 26. Nb4+ Kd7 27. Rd1+ Ke8 28. Nd5 Rxa4 29. Nf4 Bg4 30. Rc1 c4 0-1

[Event "Early-Titled-Tuesday-Blitz-May-07-2024"]
[Site "Chess.com"]
[Date "2024.05.07"]
[Round "4"]
[White "IM_ArthurDW08"]
[Black "Bilan_Danila"]
[Result "0-1"]
[WhiteElo "2733"]
[BlackElo "2566"]
[TimeControl "180+1"]
[EndTime "8:42:33 PDT"]
[Termination "Bilan_Danila won by resignation"]

1. e4 c6 2. Nf3 d5 3. d3 Bg4 4. h3 Bxf3 5. Qxf3 e6 6. g3 g6 7. Bg2 Bg7 8. O-O Nd7 9. Qe2 Ne7 10.
Nd2 O-O 11. c3 dxe4 12. Nxe4 Nf6 13. Nxf6+ Bxf6 14. d4 Re8 15. a4 a5 16. Bd2 Nd5 17.
h4 e5 18. dxe5 Bxe5 19. Qf3 Qb6 20. Rab1 Qb3 21. Qd1 Qxd1 22. Rfxd1 Rad8 23. Bg5 f6 24. Bxd5+ Rxd5 25. Rxd5 cxd5 26. Bd2 Rc8 27. Kf1 Kf7 28. Ke2 Ke6 29. Kd3 b6 30. Be3 Rc6 31. f4 Bc7 32. b4 Kf5 33. bxa5 bxa5 34. Rb5 Kg4 35. Rxd5 Kxg3 36.
h5 Bxf4 37. Bxf4+ Kxf4 38. hxg6 hxg6 39. Rxa5 g5 40. Rb5 g4 41. Rb1 Kf3 42. Kd4 g3 43. c4 Kg2 44. Kd5 Rc8 45. c5 f5 46. c6 f4 47. Kd6 f3 48. Kd7 Ra8 49. c7 f2 50.
c8=Q Rxc8 51. Kxc8 f1=Q 52. Rxf1 Kxf1 53. a5 g2 54. a6 g1=Q 55. Kb7 Qg7+ 0-1

[Event "Early-Titled-Tuesday-Blitz-May-07-2024"]
[Site "Chess.com"]
[Date "2024.05.07"]
[Round "4"]
[White "Zampronha1971"]
[Black "campochess"]
[Result "1-0"]
[WhiteElo "2465"]
[BlackElo "2158"]
[TimeControl "180+1"]
[EndTime "8:42:34 PDT"]
[Termination "Zampronha1971 won on time"]

1. e4 c5 2. Nf3 Nc6 3. d4 cxd4 4. Nxd4 e5 5. Nb5 a6 6. Nd6+ Bxd6 7. Qxd6 Qe7 8. Qxe7+ Ngxe7 9. Nc3 d5 10. exd5 Nb4 11. Bd3 Nxd3+ 12. cxd3 Bf5 13. Ke2 Rd8 14. Be3 O-O 15.
Bc5 Rfe8 16. Bxe7 Rxe7 17. Rac1 Red7 18. f3 h5 19. Rhe1 b5 20. a3 a5 21. b4 axb4 22. axb4 h4 23. Ra1 Rc8 24. Kd2 Rdc7 25. Rec1 Rd7 26.
Ra5 Rb7 27. Nxb5 Rxc1 28. Kxc1 Bxd3 29. Nc3 Rxb4 30. Kd2 Rd4 31. Ke3 Bc4 32. Ne4 Rd3+ 33. Kf2 Rb3 34. d6 f5 35. Ng5 Rb2+ 36.
Ke1 Rb7 37. Ra8+ 1-0

[Event "Early-Titled-Tuesday-Blitz-May-07-2024"]
[Site "Chess.com"]
[Date "2024.05.07"]
[Round "4"]
[White "Yaacovn"]
[Black "h4parah5"]
[Result "1/2-1/2"]
[WhiteElo "2855"]
[BlackElo "3017"]
[TimeControl "180+1"]
[EndTime "8:42:35 PDT"]
[Termination "Game drawn by repetition"]

1. d4 Nf6 2. e3 g6 3. Nf3 Bg7 4. Be2 O-O 5. O-O c5 6. b3 cxd4 7. Nxd4 d5 8. Bb2 Nc6 9. Nxc6 bxc6 10. Be5 Bh6 11. c4 Nd7 12. Bb2 e6 13. cxd5 cxd5 14. Qd4 f6 15. Nc3 Bg7 16. Nxd5 Bb7 17. Nf4 Re8 18.
Rfd1 Nf8 19. Qxd8 Raxd8 20. Rxd8 Rxd8 21. Rd1 Rxd1+ 22. Bxd1 e5 23. Nd3 Nd7 24. Kf1 Kf7 25.
f3 f5 26. f4 Ba6 27. Be2 e4 28. Ne5+ Bxe5 29. Bxe5 Bxe2+ 30. Kxe2 Nxe5 31. fxe5 Ke6 32. Kd2 Kxe5 33. Kc3 g5 34. g3 Kd5 35. a3 a5 36.
b4 a4 37. Kd2 Kc4 38. Kc2 h6 39. Kd2 Kd5 40. Ke2 Kc4 41. Kf2 Kd3 42. b5 Kd2 43. b6 f4 44. gxf4 gxf4 45. b7 fxe3+ 46. Kg2 e2 47. b8=Q e1=Q 48. Qb4+ Kd1 49. Qb1+ Kd2 50. Qb4+ Kd1 51. Qb1+ Kd2 52. Qb4+ 1/2-1/2

[Event "Early-Titled-Tuesday-Blitz-May-07-2024"]
[Site "Chess.com"]
[Date "2024.05.07"]
[Round "4"]
[White "Bykov_Egor"]
[Black "DominguezOnYoutube"]
[Result "0-1"]
[WhiteElo "2617"]
[BlackElo "2966"]
[TimeControl "180+1"]
[EndTime "8:42:35 PDT"]
[Termination "DominguezOnYoutube won by resignation"]

1. Nf3 Nf6 2. b3 c5 3. Bb2 Nc6 4. e3 g6 5. d4 cxd4 6. exd4 d5 7.
Bd3 Bg4 8. O-O Bg7 9. Nbd2 O-O 10. h3 Bxf3 11. Nxf3 e6 12. Re1 Rc8 13. a3 a6 14.
c4 dxc4 15. bxc4 Ne8 16. Bf1 Nd6 17. Ne5 Nxe5 18. dxe5 Nxc4 19. Bd4 Qd5 20. Qg4 Nxe5 21. Bxe5 Bxe5 22. Rad1 Qc5 23. Qe4 Bc3 24. Re3 b5 25. a4 Rc6 26. Rd7 b4 27. Rb7 Rb6 28. Rxb6 Qxb6 29.
Bc4 Rd8 30. Bb3 a5 31. Rf3 Rd7 32. h4 Qd4 33. Qa8+ Kg7 34. h5 Qh4 35. hxg6 hxg6 36. Qc8 Qd8 37. g3 Qxc8 0-1